 Dungeon Crawl Stone Soup version 0.23.0 (webtiles) character file.

Game seed: 6743897579581255834

310 HunterAntonescu the Slasher (level 6, -3/52 HPs)
             Began as a Draconian Berserker on Feb 16, 2019.
             Was a Priest of Trog.
             Slain by an orc priest
             ... wielding a +0 short sword
              (6 damage)
             ... on level 3 of the Dungeon.
             The game lasted 00:14:39 (2239 turns).

HunterAntonescu the Slasher (Draconian Berserker)   Turns: 2239, Time: 00:14:43

Health: -3/52      AC:  8    Str: 22    XL:     6   Next: 17%
Magic:  6/6        EV: 13    Int:  7    God:    Trog [***...]
Gold:   51         SH:  0    Dex: 10    Spells: 5/5 levels left

rFire    . . .     SeeInvis .   l - +4 quarterstaff (chaos)
rCold    . . .     Gourm    .   (shield currently unavailable)
rNeg     . . .     Faith    .   (armour unavailable)
rPois    .         Spirit   .   (helmet restricted)
rElec    .         Reflect  .   c - +0 cloak
rCorr    .         Harm     .   (no gloves)
MR       .....                  d - +0 pair of boots
Stlth    +.........             (no amulet)
HPRegen  0.17/turn              (no ring)
MPRegen  0.10/turn              (no ring)

@: no status effects
A: unfitting armour, cold-blooded, AC +6
a: Berserk, Trog's Hand, Renounce Religion


You were on level 3 of the Dungeon.
You worshipped Trog.
Trog was most pleased with you.
You were not hungry.

You visited 1 branch of the dungeon, and saw 3 of its levels.

You collected 51 gold pieces.

Inventory:

Hand Weapons
 a - a +1 falchion
 l - a +4 quarterstaff of chaos (weapon)
 q - a +1 flail of protection
Armour
 c - a +0 cloak (worn)
 d - a +0 pair of boots (worn)
Jewellery
 m - a +1 ring of evasion {unknown}
Wands
 o - a wand of polymorph (8)
 p - a wand of paralysis (14)
Scrolls
 e - a scroll of fog {unknown}
 g - a scroll of enchant weapon
 h - 2 scrolls of random uselessness {unknown}
 i - a scroll of teleportation
 j - a scroll of amnesia {unknown}
 k - a scroll of identify {unknown}
 n - a scroll of fear {unknown}
Potions
 f - 2 potions of curing
Comestibles
 b - 6 rations


   Skills:
 + Level 4.2 Fighting
 + Level 4.5 Long Blades
 + Level 2.1 Staves
 + Level 4.1 Dodging
 + Level 1.1 Stealth
 + Level 0.8 Unarmed Combat


You had 5 spell levels left.
You didn't know any spells.
Your spell library was empty.

Dungeon Overview and Level Annotations

Branches:
Dungeon (3/15)

Altars:


Innate Abilities, Weirdness & Mutations

Your plain brown scales are hard. (AC +6)
You cannot fit into any form of body armour.
You are cold-blooded and may be slowed by cold attacks.


Message History

You hear an angry hiss.
You sock the orc!
You kill the orc!
Trog accepts your kill.
You hit the orc priest.
The orc priest is heavily wounded.
An adder comes into view.
You closely miss the orc priest.
The orc priest is heavily wounded.
The orc priest hits you with a +0 whip.
* * * LOW HITPOINT WARNING * * *
The orc priest closely misses you.
An orc comes into view. It is wielding a +0 whip.
You completely miss the orc priest.
The orc priest is heavily wounded.
The orc priest mumbles some strange prayers to Beogh against you.
Beogh smites you!
* * * LOW HITPOINT WARNING * * *
The orc priest hits you with a +0 short sword.
You die...

#.# #.### ...... #.#
#.#..# #.# #.#..# #.#
#.#..# #.# #.#..# #.#
...###o...##########.###
...'S.oo................
####@..###########...
#..## ##.# #.## #####
#.# #.... #.# #.### #.#
#.# #.# #.# #.# #.# #.#
#.###


You could see 2 orc priests, an orc wizard and an adder (wandering).

Vanquished Creatures
  Crazy Yiuf (D:2)
  2 orc wizards (D:3)
  Ijyb (D:3)
  Robin (D:3)
  4 gnolls (D:3)
  6 adders
  A shadow imp (D:2)
  A dart slug (D:1)
  A leopard gecko (D:3)
  6 orcs (D:3)
  6 bats
  4 giant cockroaches
  12 goblins
  9 hobgoblins
  10 jackals
  3 frilled lizards
  7 kobolds
  6 rats
81 creatures vanquished.

Vanquished Creatures (others)
  An orc (D:3)
1 creature vanquished.

Grand Total: 82 creatures vanquished

Notes
Turn   | Place    | Note
-------+----------+-------------------------------------------
     0 | D:1      | HunterAntonescu the Draconian Berserker began the quest for
                  | the Orb.
     0 | D:1      | Reached XP level 1. HP: 19/19 MP: 1/1
   141 | D:1      | Reached XP level 2. HP: 25/26 MP: 2/2
   656 | D:2      | Reached XP level 3. HP: 20/33 MP: 3/3
   660 | D:2      | Reached ** piety under Trog
   959 | D:2      | Found a runed translucent door.
   960 | D:2      | Noticed Crazy Yiuf
  1296 | D:2      | Killed Crazy Yiuf
  1296 | D:2      | Reached XP level 4. HP: 11/40 MP: 2/4
  1728 | D:3      | Reached XP level 5. HP: 28/46 MP: 5/5
  1738 | D:3      | Noticed Robin
  1768 | D:3      | Killed Robin
  1768 | D:3      | Reached skill level 1 in Staves
  2048 | D:3      | Noticed Ijyb
  2059 | D:3      | Killed Ijyb
  2059 | D:3      | Reached skill level 1 in Stealth
  2097 | D:3      | Reached *** piety under Trog
  2138 | D:3      | Reached XP level 6. HP: 44/52 MP: 6/6
  2239 | D:3      | Slain by an orc priest

Skill      XL: |  1  2  3  4  5  6 |
---------------+-------------------+-----
Dodging        | 3 4 |  4.1
Long Blades    | 4 |  4.5
Fighting       | 4 |  4.2
Staves         | 1 2 |  2.1
Stealth        | 1 |  1.1
Unarmed Combat | |  0.8

Action                   |  1- 3 |  4- 6 || total
-------------------------+-------+-------++-------
Melee: Falchion          |    96 |       ||    96
       Tailslap          |    10 |    11 ||    21
       Quarterstaff      |       |   110 ||   110
       Unarmed           |       |     5 ||     5
  Use: Scroll            |     2 |       ||     2
       Potion            |       |     1 ||     1
  Eat: Ration            |     1 |     1 ||     2
Armor: Skin              |    39 |    44 ||    83
Dodge: Dodged            |    74 |   107 ||   181
       Rpst.: Falchion   |    16 |       ||    16
